 Dungeon Crawl Stone Soup version 0.31.0-32-g396128a36d (webtiles) character file.

Game seed: 10864825674294825125

157 Gabide the Gusty (level 5, -3/29 HPs)
             Began as a Tengu Air Elementalist on Apr 15, 2024.
             Slain by Edmund
             ... wielding a +2 dire flail of protection
              (8 damage)
             ... on level 3 of the Dungeon.
             The game lasted 00:05:44 (3021 turns).

Gabide the Gusty (Tengu Air Elementalist)           Turns: 3021, Time: 00:05:44

Health: -3/29      AC:  6    Str:  8    XL:     5   Next: 38%
Magic:  3/10       EV: 27    Int: 17    God:
Gold:   173        SH:  0    Dex: 15    Spells: 6/9 levels left

rFire   + . .        a - +2 spear (flame)
rCold   . . .        (no shield)
rNeg    . . .        i - +2 leather armour {rF+}
rPois   .            e - +1 hat of Adiogoupt {Regen+}
rElec   .            (no cloak)
rCorr   .            (no gloves)
SInv    .            (boots unavailable)
Will    .....        d - amulet of magic regeneration
Stlth   ++           (no ring)
HPRegen 1.04/turn    (no ring)
MPRegen 0.52/turn

%: acrobat
@: acrobatic, very slightly contaminated
A: beak, talons 3, acrobatic
a: no special abilities


You were on level 3 of the Dungeon.
You visited 1 branch of the dungeon, and saw 4 of its levels.

You collected 173 gold pieces.

Inventory:

Hand Weapons
 a - a +2 spear of flaming (weapon)
Armour
 e - the +1 hat of Adiogoupt (worn) {Regen+}
   (You acquired it on level 2 of the Dungeon)

   Regen+:    It increases your rate of health regeneration.
 f - a scarf of invisibility
 g - a +0 robe
 i - a +2 leather armour of fire resistance (worn)
Jewellery
 d - an amulet of magic regeneration (around neck)
Wands
 m - a wand of iceblast (12)
Scrolls
 c - 4 scrolls of teleportation
 n - a scroll of amnesia
Potions
 b - 3 potions of magic
 h - a potion of might {unknown}
 j - a potion of brilliance {unknown}
 k - 2 potions of ambrosia
 l - 2 potions of enlightenment


   Skills:
 + Level 1.4 Fighting
 + Level 2.8 Dodging
 + Level 2.6 Stealth
 * Level 2.9 Spellcasting
 * Level 3.2 Conjurations
 * Level 5.0 Air Magic


You had 6 spell levels left.
You knew the following spells:

 Your Spells              Type           Power      Damage    Failure   Level
a - Shock                 Conj/Air       64%        1d7       4%          1
b - Static Discharge      Conj/Air       32%        3-5/arc   7%          2

Your spell library contained the following spells:

 Spells                   Type           Power      Damage    Failure   Level
 Swiftness                Air            19%        N/A       10%         3
 Airstrike                Air            9%         2d(2-18)  32%         4


Dungeon Overview and Level Annotations

Branches:
Dungeon (4/15)
 Temple: D:4-7

Altars:

Annotations:
D:3 Edmund
D:4 Dowan


Innate Abilities, Weirdness & Mutations

You have a beak for a mouth.
You have claws for feet.
You can magically evade attacks while moving or waiting.


Message History

Unknown command.
Unknown command.
Casting: Static Discharge (safe; 7% risk of failure)
Confirm with . or Enter, or press ? or * to list all spells.
Edmund is struck by an arc of lightning.
Edmund is heavily wounded.
You are struck by an arc of lightning.
Edmund is struck by an arc of lightning!
Edmund is heavily wounded.
You are struck by an arc of lightning.
The lightning grounds out.
Edmund barely misses you.
Casting: Static Discharge (safe; 7% risk of failure)
Confirm with . or Enter, or press ? or * to list all spells.
Okay, then.
Edmund barely misses you.
You climb upwards.
There is a stone staircase leading down here.
Casting: Static Discharge (safe; 7% risk of failure)
Confirm with . or Enter, or press ? or * to list all spells.
Edmund is struck by an arc of lightning.
Edmund is severely wounded.
You are struck by an arc of lightning.
Edmund is struck by an arc of lightning.
Edmund is severely wounded.
The lightning grounds out.
Edmund hits you with a +2 dire flail of protection!
Casting: Static Discharge (safe; 7% risk of failure)
Confirm with . or Enter, or press ? or * to list all spells.
Edmund is struck by an arc of lightning.
Edmund is almost dead.
You are struck by an arc of lightning.
Edmund is struck by an arc of lightning.
Edmund hits you with a +2 dire flail of protection!
* * * LOW HITPOINT WARNING * * *
Unknown command.
Okay, then.
Edmund attacks as he pursues you!
Edmund hits you with a +2 dire flail of protection!
You die...
Edmund says, "That'll show my brother!"

..##..........#####...#......#...
............................###..
.....#.......####.....#....#...#.
####...........##.#...#....#...#.
# ####...####.........#...#...##
# ##...####)........###.###..
#............###..........
#.#.......#.## #.###.###..
#.#.#.#..@@.#####...#)..## #
#.#............#....#...#. ####
###........#####...#..#...#.
...###...###....# ##.)....###..
.........###....### ###..>...#...
........#....(#...###....#...#...
......................##.#....###
..<..................###.###.....
.....................###.# #..[..


You could see Edmund.

Vanquished Creatures
  A jelly (D:3)
  A bombardier beetle (D:3)
  4 adders
  A dart slug (D:2)
  2 ribbon worms
  2 orcs (D:3)
  6 endoplasms
  4 giant cockroaches
  7 goblins
  7 hobgoblins
  3 kobolds
  A quokka (D:1)
  4 ball pythons
  3 bats
  2 frilled lizards
  2 rats (D:1)
50 creatures vanquished.

Notes
Turn   | Place    | Note
-------+----------+-------------------------------------------
     0 | D:1      | Gabide the Tengu Air Elementalist began the quest for the
                  | Orb.
     0 | D:1      | Reached XP level 1. HP: 10/10 MP: 4/4
   342 | D:1      | Reached XP level 2. HP: 8/15 MP: 1/6
   580 | D:1      | Found a faded altar of an unknown god.
  1320 | D:2      | Reached XP level 3. HP: 7/20 MP: 0/7
  2069 | D:2      | Reached skill level 1 in Fighting
  2069 | D:2      | Reached XP level 4. HP: 25/25 MP: 5/8
  2300 | D:2      | Identified a scroll of acquirement
  2300 | D:2      | Acquired the +1 hat of Adiogoupt {Regen+}
  2385 | D:3      | Learned a level 2 spell: Static Discharge
  2554 | D:3      | Reached XP level 5. HP: 29/29 MP: 6/10
  2594 | D:3      | Reached skill level 5 in Air Magic
  2978 | D:4      | Noticed Dowan
  3008 | D:4      | Noticed Edmund
  3021 | D:3      | Slain by Edmund

Illustrated notes

Levels and vault maps discovered:
D:1:      dpeg_arrival_fog, layout_loops_ring, basic_ecumenical_altar,
          minmay_domino_2
D:2:      layout_loops_cross
D:3:      layout_rooms, nicolae_titane
D:4:      layout_basic, tso_metal_star, st_stairs_13, kennysheep_generic_room_9,
          uniq_duvessa, uniq_edmund, uniq_pikel

Skill      XL: |  1  2  3  4  5 |
---------------+----------------+-----
Conjurations   | 2 3 |  3.2
Fighting       | 1 |  1.4
Air Magic      | 5 |  5.0
Dodging        | |  2.8
Stealth        | |  2.6
Spellcasting   | |  2.9

Action                     |  1- 3 |  4- 6 || total
---------------------------+-------+-------++-------
  Melee: Spear             |    15 |       ||    15
         Kick              |     3 |       ||     3
         Peck              |     2 |       ||     2
   Cast: Shock             |    86 |    50 ||   136
         Static Discharge  |       |     4 ||     4
    Use: Scroll            |       |     8 ||     8
 Armour: Robe              |    12 |       ||    12
         Leather armour    |       |     9 ||     9
  Dodge: Dodged            |    19 |     4 ||    23
